[Event "*** Titled Tuesday Blitz"]
[Site "Chess.com"]
[Date "2018.12.04"]
[Round "6"]
[White "TwentyHourADay"]
[Black "NemtsevIgor"]
[Result "0-1"]
[WhiteElo "2258"]
[BlackElo "2342"]
[TimeControl "180+2"]
[EndTime "14:17:07 PST"]
[Termination "NemtsevIgor won by resignation"]

1. e4 c6 2. d4 d5 3. e5 c5 4.
dxc5 Nc6 5. a3 Nxe5 6. f4 Nc6 7. b4 Nf6 8. Nf3 g6 9. Bb2 Bg7 10. Bb5 O-O 11. O-O Bg4 12. Nbd2 a5 13. Bxc6 bxc6 14. Qe1 Bf5 15. Nd4 Be4 16. Nxe4 Nxe4 17. Nxc6 Qd7 18. Ne5 Qb7 19. c3 e6 20. Nd3 Qb5 21. Qe2 Nxc3 22.
Bxc3 Bxc3 23. Rac1 axb4 24. axb4 Bxb4 25. Rb1 Bxc5+ 26.
Kh1 Qa5 0-1

[Event "*** Titled Tuesday Blitz"]
[Site "Chess.com"]
[Date "2018.12.04"]
[Round "6"]
[White "maziarbagheri"]
[Black "DawidCzerw"]
[Result "1-0"]
[WhiteElo "2242"]
[BlackElo "2232"]
[TimeControl "180+2"]
[EndTime "14:17:21 PST"]
[Termination "maziarbagheri won on time"]

1. d4 d5 2. c4 c6 3. Nf3 Nf6 4. g3 dxc4 5. Bg2 b5 6. O-O e6 7. a4 Bb7 8. Ne5 a6 9. b3 cxb3 10. Qxb3 Be7 11. Bb2 O-O 12. Rc1 1-0

[Event "*** Titled Tuesday Blitz"]
[Site "Chess.com"]
[Date "2018.12.04"]
[Round "6"]
[White "armago"]
[Black "Quiet_Desperation"]
[Result "1-0"]
[WhiteElo "2048"]
[BlackElo "2142"]
[TimeControl "180+2"]
[EndTime "14:17:25 PST"]
[Termination "armago won by resignation"]

1. d4 Nf6 2. c4 e6 3. Nc3 Bb4 4.
e3 b6 5. Ne2 Ba6 6. Ng3 O-O 7.
Bd3 d5 8. cxd5 Nxd5 9. Bxa6 Nxc3 10. bxc3 Bxc3+ 11. Bd2 Bxd2+ 12. Qxd2 Nxa6 13. O-O c5 14. Qe2 Qc8 15. Rfc1 Qb7 16. Rab1 cxd4 17. exd4 Rac8 18. Nh5 Rxc1+ 19. Rxc1 Rc8 20. Rf1 g6 21. Nf6+ Kf8 22.
Nxh7+ Ke7 23. d5 Qxd5 24. Qxa6 Rh8 25. Qxa7+ Kd6 26. Rc1 Rc8 27. Qxb6+ Ke7 28. Qb4+ Kd7 1-0

[Event "*** Titled Tuesday Blitz"]
[Site "Chess.com"]
[Date "2018.12.04"]
[Round "6"]
[White "AkibaRubi"]
[Black "ajkom197"]
[Result "1-0"]
[WhiteElo "2568"]
[BlackElo "2377"]
[TimeControl "180+2"]
[EndTime "14:17:38 PST"]
[Termination "AkibaRubi won on time"]

1. d4 e6 2. Nf3 Nf6 3. Bf4 d5 4. e3 Bd6 5. Bg3 O-O 6. c3 b6 7.
Nbd2 Bb7 8. Ne5 Nbd7 9. Bd3 c5 10. Nxf7 Rxf7 11. Bxd6 Ne4 12. Nxe4 dxe4 13. Be2 Qg5 14. O-O Nf6 15. dxc5 Nd5 16. c4 1-0

[Event "*** Titled Tuesday Blitz"]
[Site "Chess.com"]
[Date "2018.12.04"]
[Round "6"]
[White "MaestroASK"]
[Black "sergiochess83"]
[Result "0-1"]
[WhiteElo "2532"]
[BlackElo "2776"]
[TimeControl "180+2"]
[EndTime "14:18:02 PST"]
[Termination "sergiochess83 won by resignation"]

1. g3 d5 2. d3 Nf6 3. Bg2 g6 4. e4 Nc6 5. c3 Bg7 6. f3 O-O 7. Nh3 e5 8. Nf2 Be6 9. O-O a5 10. a4 Qd7 11. Qe2 Rad8 12. Re1 h6 13. Qf1 Nh7 14.
Bh3 f5 15. exf5 Bxf5 16. Bxf5 Qxf5 17. f4 exf4 18. Bxf4 g5 19. Bxc7 Rd7 20. Bb6 d4 21.
Ne4 Qg6 22. Qg2 Ne5 23. Kh1 Qxb6 0-1

[Event "*** Titled Tuesday Blitz"]
[Site "Chess.com"]
[Date "2018.12.04"]
[Round "6"]
[White "NateSolon"]
[Black "TheRigos"]
[Result "1-0"]
[WhiteElo "2502"]
[BlackElo "2414"]
[TimeControl "180+2"]
[EndTime "14:18:05 PST"]
[Termination "NateSolon won by resignation"]

1. e4 c5 2. Nc3 a6 3. f4 Nc6 4. Nf3 e6 5. g3 d5 6. d3 Nf6 7.
e5 Nd7 8. Bg2 b5 9. O-O Bb7 10.
f5 Ndxe5 11. Nxe5 Nxe5 12. fxe6 fxe6 13. Re1 Qf6 14. Qh5+ Ng6 15. Nxd5 Bxd5 16. Qxd5 Ra7 17. Rxe6+ Ne7 18. Qc6+ Rd7 19. Qc8+ Rd8 20. Bc6+ 1-0

[Event "*** Titled Tuesday Blitz"]
[Site "Chess.com"]
[Date "2018.12.04"]
[Round "6"]
[White "Laico"]
[Black "tteshan"]
[Result "0-1"]
[WhiteElo "2244"]
[BlackElo "2132"]
[TimeControl "180+2"]
[EndTime "14:18:12 PST"]
[Termination "tteshan won on time"]

1. e4 c5 2. Nc3 Nc6 3. f4 e6 4. Nf3 g6 5. Bb5 Bg7 6. Bxc6 bxc6 7. e5 Ne7 8. Ne4 Nf5 9. Nxc5 Qa5 10. Ne4 Ba6 11.
g4 Qb4 12. Nfg5 h6 13. c3 Qc4 14. gxf5 Qd5 15. Nd6+ Ke7 16. f6+ Bxf6 17. Nge4 Bh4+ 0-1

[Event "*** Titled Tuesday Blitz"]
[Site "Chess.com"]
[Date "2018.12.04"]
[Round "6"]
[White "AliKa2810"]
[Black "BasilSmash"]
[Result "1-0"]
[WhiteElo "2474"]
[BlackElo "2375"]
[TimeControl "180+2"]
[EndTime "14:18:15 PST"]
[Termination "AliKa2810 won by resignation"]

1. d4 d5 2. c4 e6 3. Nf3 Nf6 4. g3 dxc4 5. Bg2 Bd7 6. Ne5 Bc6 7. Nxc6 Nxc6 8. O-O Qd7 9. Nc3 Rd8 10. e3 e5 11.
Qe2 Be7 12. d5 Nb4 13. Qxc4 Nbxd5 14. Nxd5 Nxd5 15. Rd1 c6 16. e4 Nb6 17. Rxd7 Nxc4 18. Rxb7 Rd1+ 19. Bf1 Bd6 20. Kg2 Nd2 21. Be2 Re1 22. Bd3 Nxe4 23. Bxe4 Rxe4 24. Be3 O-O 25. Bxa7 Re2 26. Rd1 Be7 27. Rxe7 1-0

[Event "*** Titled Tuesday Blitz"]
[Site "Chess.com"]
[Date "2018.12.04"]
[Round "6"]
[White "Zq1"]
[Black "staz_staz"]
[Result "1-0"]
[WhiteElo "2499"]
[BlackElo "2352"]
[TimeControl "180+2"]
[EndTime "14:18:36 PST"]
[Termination "Zq1 won by resignation"]

1. d4 Nf6 2. c4 g6 3. Nc3 d6 4. e4 Bg7 5. Nf3 O-O 6. Be2 e5 7. O-O Nc6 8. d5 Ne7 9. Ne1 Ne8 10. Be3 f5 11. f3 f4 12. Bf2 g5 13. c5 a6 14. a4 Nf6 15. a5 Ng6 16. cxd6 cxd6 17. Na4 g4 18. Nb6 Rb8 19. Nxc8 Rxc8 20. Bb6 Qe7 21. Nd3 Nd7 22. fxg4 Nxb6 23. axb6 f3 24. Bxf3 Bh6 25. Qe1 Nf4 26. Nxf4 Rxf4 27. g3 Rf7 28.
h4 Rc2 29. g5 Bf8 30. Rf2 Rc4 31. Bg4 Rxf2 32. Qxf2 Rxe4 33. Be6+ Kh8 34. Rf1 Bg7 35. Qc2 1-0

[Event "*** Titled Tuesday Blitz"]
[Site "Chess.com"]
[Date "2018.12.04"]
[Round "6"]
[White "cherryandmint"]
[Black "ChristopherYoo"]
[Result "1-0"]
[WhiteElo "2694"]
[BlackElo "2416"]
[TimeControl "180+2"]
[EndTime "14:18:38 PST"]
[Termination "cherryandmint won by resignation"]

1. e4 e5 2. Nf3 Nc6 3. Bc4 Bc5 4. c3 Nf6 5. d3 d6 6. O-O O-O 7. h3 a6 8. a4 Ne7 9. d4 exd4 10. cxd4 Ba7 11. Bd3 d5 12. e5 Ne4 13. Nc3 Bf5 14.
Nh4 Nxc3 15. bxc3 Bxd3 16. Qxd3 Qd7 17. Bg5 Ng6 18. Nf5 Qe6 19. h4 f6 20. exf6 Qe4 21.
Qh3 gxf6 22. Bh6 Rfe8 23. h5 Kf7 24. hxg6+ hxg6 25. Ng7 Rad8 26. Nxe8 1-0

[Event "*** Titled Tuesday Blitz"]
[Site "Chess.com"]
[Date "2018.12.04"]
[Round "6"]
[White "FranciscodelaF"]
[Black "Chessmatus"]
[Result "1-0"]
[WhiteElo "2348"]
[BlackElo "2175"]
[TimeControl "180+2"]
[EndTime "14:18:54 PST"]
[Termination "FranciscodelaF won by checkmate"]

1. d4 Nf6 2. c4 g6 3. Nf3 Bg7 4. g3 c5 5. Bg2 O-O 6. O-O cxd4 7. Nxd4 Nc6 8. Nc3 Qa5 9. Nc2 d6 10. Bd2 Qh5 11. Re1 Ng4 12. h4 Nge5 13. b3 Bg4 14. Ne3 Be6 15. Rc1 f5 16. f4 Ng4 17. Nxg4 fxg4 18. Be3 Bf7 19. Bf2 e5 20. e3 Rad8 21. Nd5 exf4 22. exf4 h6 23. b4 g5 24.
b5 Na5 25. Qd2 b6 26. fxg5 hxg5 27. hxg5 Be5 28. Qe3 Kg7 29. Nf6 Bxf6 30. gxf6+ Kxf6 31. Qd4+ Kg6 32. Be4+ Kh6 33. Be3+ Qg5 34. Qf6+ Kh5 35. Qxg5# 1-0

[Event "*** Titled Tuesday Blitz"]
[Site "Chess.com"]
[Date "2018.12.04"]
[Round "6"]
[White "JSMastropiero"]
[Black "chesstatour"]
[Result "1-0"]
[WhiteElo "2173"]
[BlackElo "2084"]
[TimeControl "180+2"]
[EndTime "14:19:06 PST"]
[Termination "JSMastropiero won by resignation"]

1. d4 c6 2. c4 d5 3. Nf3 Nf6 4.
Qc2 g6 5. Bf4 Bg7 6. e3 Bf5 7. Qb3 Qb6 8. c5 Qxb3 9. axb3 Nbd7 10.
b4 a6 11. b5 cxb5 12. Bxb5 Bxb1 13. Bxd7+ Nxd7 14. Rxb1 Rc8 15. Ke2 f6 16. b4 e5 17.
Bg3 b6 18. Rhc1 e4 19. Nd2 a5 20. c6 Nb8 21. Bxb8 Rxb8 22. bxa5 b5 23. Rc5 Ke7 24.
Rxd5 Rhc8 25. Rd7+ Kf8 26. d5 b4 27. c7 Rb7 28. Rd8+ 1-0

[Event "*** Titled Tuesday Blitz"]
[Site "Chess.com"]
[Date "2018.12.04"]
[Round "6"]
[White "champ2005"]
[Black "NTDVAN"]
[Result "1-0"]
[WhiteElo "2673"]
[BlackElo "2636"]
[TimeControl "180+2"]
[EndTime "14:19:26 PST"]
[Termination "champ2005 won by resignation"]

1. b3 e5 2. Bb2 Nc6 3. e3 Nf6 4. Nf3 e4 5. Nd4 Nxd4 6. Bxd4 c5 7. Bb2 d5 8. d3 exd3 9. Bxd3 Be7 10. O-O O-O 11.
Nd2 Bg4 12. Be2 Bf5 13. Nf3 Ne4 14. c4 dxc4 15. Bxc4 Qc7 16. Qe2 Bd6 17. h3 Rad8 18. Rfd1 Rfe8 19. Rac1 a6 20. b4 b5 21. bxc5 Bxc5 22. Bb3 Rxd1+ 23. Bxd1 Be6 24. Bb3 Bxb3 25. axb3 Qd6 26. Bd4 Bxd4 27. Nxd4 h6 28. Rc6 Qa3 29. Qc2 Qa1+ 30. Kh2 g6 31. f3 Ng5 32. Rxg6+ Kf8 33. Qc5+ Re7 34. Rxh6 1-0

[Event "*** Titled Tuesday Blitz"]
[Site "Chess.com"]
[Date "2018.12.04"]
[Round "6"]
[White "pedromartinez91"]
[Black "NeverEverForever1990"]
[Result "1-0"]
[WhiteElo "2415"]
[BlackElo "2441"]
[TimeControl "180+2"]
[EndTime "14:19:30 PST"]
[Termination "pedromartinez91 won by resignation"]

1. Nf3 d5 2. g3 g6 3. Bg2 Bg7 4. O-O e5 5. c4 dxc4 6. Qa4+ Nc6 7. Qxc4 Nge7 8. d3 O-O 9. Nc3 Be6 10. Qa4 Rc8 11. Be3 Nd4 12. Bxd4 exd4 13. Ne4 a6 14. Rfc1 Bd5 15. Nfd2 Nc6 16. Nc5 Bxg2 17. Kxg2 Qd5+ 18.
Nf3 Ne5 19. Qb3 Qxb3 20. axb3 Nxf3 21. exf3 b6 22. Nxa6 c6 23. Nb4 c5 24. Nd5 Rb8 25.
Ra6 Rfd8 26. Ne7+ Kf8 27. Nc6 Rdc8 28. Nxb8 Rxb8 29. b4 Bh6 30. f4 g5 31. fxg5 Bxg5 32. f4 Be7 33. Ra7 Bd6 34. Rd7 Be7 35. Ra1 Rd8 36.
Rxd8+ Bxd8 37. bxc5 bxc5 38. Kf3 f5 1-0

[Event "*** Titled Tuesday Blitz"]
[Site "Chess.com"]
[Date "2018.12.04"]
[Round "6"]
[White "abubakrtagelsir"]
[Black "ShadowJolteon"]
[Result "0-1"]
[WhiteElo "2293"]
[BlackElo "2410"]
[TimeControl "180+2"]
[EndTime "14:19:30 PST"]
[Termination "ShadowJolteon won by resignation"]

1. e4 c6 2. d4 d5 3. f3 dxe4 4. fxe4 e5 5. Nf3 Bg4 6. c3 Nd7 7.
Bc4 Bh5 8. O-O Ngf6 9. dxe5 Bxf3 10. gxf3 Nxe5 11. Be2 Bc5+ 12. Kh1 Ng6 13. Bg5 Qc7 14. b4 Bd6 15. Rf2 Bf4 16. Bxf6 gxf6 17. Na3 Rd8 18. Qf1 Bd2 19. Rd1 Bxc3 20. b5 Rxd1 21. Qxd1 Bb4 22. Qb3 Bc5 23. Rf1 Nf4 24. Bc4 Qd7 25. bxc6 Qh3 26.
Qc2 Rg8 27. cxb7 Qxf1+ 0-1

[Event "*** Titled Tuesday Blitz"]
[Site "Chess.com"]
[Date "2018.12.04"]
[Round "6"]
[White "Gubajdullin"]
[Black "catalin009"]
[Result "1-0"]
[WhiteElo "2456"]
[BlackElo "2336"]
[TimeControl "180+2"]
[EndTime "14:19:31 PST"]
[Termination "Gubajdullin won by checkmate"]

1. d4 Nf6 2. Bf4 e6 3. e3 b6 4.
Nf3 Bb7 5. h3 c5 6. Be2 Be7 7.
O-O O-O 8. a4 a6 9. Nc3 d5 10. Ne5 Nc6 11. Bf3 Nd7 12. Nxc6 Bxc6 13. e4 cxd4 14. exd5 dxc3 15. dxc6 cxb2 16. Rb1 Nc5 17.
c7 Qxd1 18. Rfxd1 Rac8 19. Rxb2 f6 20. Rxb6 e5 21. Bd5+ Kh8 22. Be3 Rxc7 23. a5 Na4 24. Rb7 Rfc8 25. Rxc7 Rxc7 26. Rb1 g5 27. Rb7 Bd6 28.
Rb8+ Kg7 29. Rg8+ Kh6 30. h4 Rxc2 31. hxg5+ fxg5 32. Bxg5+ Kh5 33. Bf3# 1-0

[Event "*** Titled Tuesday Blitz"]
[Site "Chess.com"]
[Date "2018.12.04"]
[Round "6"]
[White "OparinGrigoriy"]
[Black "LyonBeast"]
[Result "0-1"]
[WhiteElo "2943"]
[BlackElo "2940"]
[TimeControl "180+2"]
[EndTime "14:19:35 PST"]
[Termination "LyonBeast won by resignation"]

1. c4 e5 2. Nf3 Nc6 3. Nc3 Nf6 4. e3 Bb4 5. Qc2 Bxc3 6. Qxc3 Qe7 7. d4 exd4 8. Nxd4 O-O 9. Be2 Ne4 10.
Qd3 Qb4+ 11. Kf1 Qe7 12. f3 f5 13. Nxc6 bxc6 14. b3 Qh4 15. g3 Nxg3+ 16. hxg3 Qxh1+ 17. Kf2 Qh2+ 18. Ke1 Qxg3+ 19. Kd2 Qd6 20. Bb2 Qxd3+ 21. Bxd3 d6 22. c5 Be6 23. Rc1 Bd5 24. Be2 dxc5 25.
Rxc5 Rad8 26. Ke1 Rfe8 27. Kf2 h5 28. Bd4 h4 29. Rc1 f4 30. Rh1 fxe3+ 31. Bxe3 Re5 32. Bf4 Rf5 33. Bxc7 Rd7 34. Bb8 g5 35. Rh3 Rdf7 36. Ke3 Rb7 37. Bd6 Rd7 38. Bb8 Rf8 39. Be5 Re7 40. f4 Rxf4 0-1

[Event "*** Titled Tuesday Blitz"]
[Site "Chess.com"]
[Date "2018.12.04"]
[Round "6"]
[White "akretchetov"]
[Black "MerdeNoms943"]
[Result "1/2-1/2"]
[WhiteElo "2377"]
[BlackElo "2325"]
[TimeControl "180+2"]
[EndTime "14:19:35 PST"]
[Termination "Game drawn by agreement"]

1. Nf3 d5 2. d4 Nf6 3. c4 e6 4. Nc3 Bb4 5. cxd5 exd5 6. Bg5 h6 7. Bh4 Nbd7 8. Rc1 c6 9. a3 Be7 10. Qc2 O-O 11. e3 Ne4 12. Bg3 Ndf6 13. Bd3 Bf5 14. Ne5 Nxg3 15. hxg3 Bxd3 16. Qxd3 Bd6 17. f4 Re8 18. Kf1 Ne4 19. Nxe4 dxe4 20. Qc4 Bxe5 21. fxe5 Qg5 22. Kf2 Rad8 23. Rh4 b5 24. Qe2 Rxd4 25. Rh5 Rd2 26. Rxg5 Rxe2+ 27. Kxe2 hxg5 28. Rxc6 Rxe5 29. Rc8+ Kh7 30. Ra8 Re7 31. Rb8 a6 32. Rb6 Rc7 33. Kd2 Rd7+ 34. Ke2 Rc7 35. Kd2 Rd7+ 1/2-1/2

[Event "*** Titled Tuesday Blitz"]
[Site "Chess.com"]
[Date "2018.12.04"]
[Round "6"]
[White "GreatDamnedRedSpot"]
[Black "Jenia84"]
[Result "1/2-1/2"]
[WhiteElo "2329"]
[BlackElo "2221"]
[TimeControl "180+2"]
[EndTime "14:19:38 PST"]
[Termination "Game drawn by repetition"]

1. e4 e5 2. Nf3 Nc6 3. Nc3 Nf6 4. Bb5 Bb4 5. Bxc6 dxc6 6. Qe2 Bg4 7. h3 Bxf3 8. Qxf3 O-O 9. d3 Re8 10. Bg5 Bxc3+ 11. bxc3 Qd6 12. Bxf6 Qxf6 13. Qxf6 gxf6 14. Ke2 Kf8 15. Rhf1 Ke7 16. f4 Rg8 17. g4 h5 18.
Kf3 hxg4+ 19. hxg4 Rh8 20. Rh1 Ke6 21. d4 b6 22.
Rad1 c5 23. d5+ Ke7 24. c4 a6 25. g5 fxg5 26. fxe5 f6 27. exf6+ Kxf6 28. Rxh8 Rxh8 29. d6 cxd6 30. Rxd6+ Ke5 31. Rd5+ Kf6 32. Rd6+ Ke5 33. Rd5+ Kf6 34. Rd6+ Ke5 35. Rd5+ 1/2-1/2

[Event "*** Titled Tuesday Blitz"]
[Site "Chess.com"]
[Date "2018.12.04"]
[Round "6"]
[White "alishersuleymenov"]
[Black "MikaelyanArman"]
[Result "0-1"]
[WhiteElo "2475"]
[BlackElo "2764"]
[TimeControl "180+2"]
[EndTime "14:19:39 PST"]
[Termination "MikaelyanArman won by resignation"]

1. d4 d5 2. c4 c6 3. Nf3 Nf6 4.
g3 g6 5. Bg2 Bg7 6. O-O O-O 7.
cxd5 cxd5 8. Nc3 e6 9. Ne5 Nfd7 10. Bf4 Nc6 11. Nxc6 bxc6 12. Rc1 Ba6 13. Na4 Bb5 14. Nc5 Nxc5 15. Rxc5 Qb6 16. Be3 a5 17. a4 Bc4 18.
Qd2 Rfc8 19. b3 Qxb3 20. Rxa5 Rxa5 21. Qxa5 Bxe2 22. Rc1 Bc4 23. Qa7 h5 24. h4 Qb2 25.
a5 Rb8 26. a6 Qb6 27. Qxb6 Rxb6 28. Bf1 Bxa6 29. Bxa6 Rxa6 30. Kg2 Ra4 31. Rd1 Rc4 32. Kf3 Bf6 33. g4 hxg4+ 34. Kxg4 c5 0-1

[Event "*** Titled Tuesday Blitz"]
[Site "Chess.com"]
[Date "2018.12.04"]
[Round "6"]
[White "AndrewMcStone"]
[Black "51616516516"]
[Result "1-0"]
[WhiteElo "2141"]
[BlackElo "2238"]
[TimeControl "180+2"]
[EndTime "14:19:41 PST"]
[Termination "AndrewMcStone won on time"]

1. d4 Nf6 2. c4 e6 3. Nc3 Bb4 4.
f3 d6 5. e4 Bxc3+ 6. bxc3 b6 7. Bd3 c5 8. Ne2 O-O 9. O-O Ba6 10. Bg5 Nbd7 11. f4 Qc7 12. e5 Ng4 13. Ng3 Ne3 14. Qh5 g6 15. Qh6 f5 16. exf6 Nxf6 17.
Rfe1 Rae8 18. Qh4 cxd4 19. Bxf6 1-0

[Event "*** Titled Tuesday Blitz"]
[Site "Chess.com"]
[Date "2018.12.04"]
[Round "6"]
[White "ChainsOfFantasia"]
[Black "alpasya2009"]
[Result "0-1"]
[WhiteElo "2386"]
[BlackElo "2577"]
[TimeControl "180+2"]
[EndTime "14:19:46 PST"]
[Termination "alpasya2009 won by checkmate"]

1. d4 d6 2. Nf3 Nf6 3. c4 g6 4. g3 Bg7 5. Bg2 O-O 6. O-O Nbd7 7. Nc3 e5 8. h3 exd4 9. Nxd4 Re8 10.
Re1 a6 11. e4 Rb8 12. Be3 Ne5 13. b3 c5 14. Nde2 b5 15. cxb5 axb5 16. Rc1 b4 17.
Nd5 Nxd5 18. exd5 Ba6 19. Nf4 g5 20. Nh5 Nd3 21. Qg4 f6 22. Bf1 Nxc1 23. Bxa6 Nxa2 24.
Bd3 Re5 25. Ra1 Nc3 26. Ra7 Re7 27. Nxf6+ Bxf6 28. Bxg5 Re1+ 29. Kg2 Bxg5 30. Bxh7+ Kf8 31.
Qh5 Qf6 32. h4 Be3 33. fxe3 Qf1+ 34. Kh2 Qh1# 0-1

[Event "*** Titled Tuesday Blitz"]
[Site "Chess.com"]
[Date "2018.12.04"]
[Round "6"]
[White "PchelkinVK"]
[Black "GABUZYAN_CHESSMOOD"]
[Result "0-1"]
[WhiteElo "2583"]
[BlackElo "2814"]
[TimeControl "180+2"]
[EndTime "14:19:47 PST"]
[Termination "GABUZYAN_CHESSMOOD won on time"]

1. d4 Nf6 2. Nc3 d5 3. Bf4 a6 4. Nf3 Bf5 5. e3 e6 6. Ne5 Nbd7 7. g4 Nxe5 8. gxf5 Nc6 9. fxe6 fxe6 10. Rg1 Qd7 11.
a3 O-O-O 12. Qf3 Rg8 13. Bd3 Bd6 14. O-O-O Rdf8 15. Bxd6 Qxd6 16. Qh3 g5 17. Qh6 Kb8 18. Rxg5 Ng4 19. Qh4 Rxg5 20. Qxg5 Nxf2 21. Rd2 Qxh2 22. Qg7 Rf3 23. Qxh7 Qg1+ 24. Nd1 Nxd1 25. Rxd1 Qxe3+ 26. Kb1 Nxd4 27. Qh8+ Ka7 28. Qc8 Qe5 0-1

[Event "*** Titled Tuesday Blitz"]
[Site "Chess.com"]
[Date "2018.12.04"]
[Round "6"]
[White "artichaud"]
[Black "TheMagician"]
[Result "0-1"]
[WhiteElo "2134"]
[BlackElo "2258"]
[TimeControl "180+2"]
[EndTime "14:19:54 PST"]
[Termination "TheMagician won on time"]

1. d4 Nf6 2. Nf3 d6 3. c4 Nbd7 4. Bf4 g6 5. h3 Bg7 6. e3 O-O 7. Nc3 Re8 8. Be2 b6 9. O-O Bb7 10. Bh2 Ne4 11. Nxe4 Bxe4 12. Nd2 Bb7 13. Bf3 Qc8 14. b4 e5 15. Bxb7 Qxb7 16. d5 e4 17. Rc1 a5 18. a3 axb4 19. axb4 f5 20. Nb3 Ra3 21. Nd4 Rd3 22. Qc2 Bxd4 23. exd4 Rxd4 24.
Rfd1 Rxd1+ 25. Rxd1 Ne5 26. Qe2 Qa6 27. Rc1 Qa3 28. Rb1 Qd3 29. Qa2 Qxc4 30. Qa7 Qc2 31. Rf1 Nf7 32. Bf4 g5 33. Bc1 f4 34. Ba3 e3 35.
Rc1 Qf5 36. Qa4 e2 37. Re1 Re4 38. Qc2 f3 0-1

[Event "*** Titled Tuesday Blitz"]
[Site "Chess.com"]
[Date "2018.12.04"]
[Round "6"]
[White "VitaliyBernadskiy"]
[Black "nailbeshirli"]
[Result "0-1"]
[WhiteElo "2706"]
[BlackElo "2593"]
[TimeControl "180+2"]
[EndTime "14:19:57 PST"]
[Termination "nailbeshirli won by checkmate"]

1. e3 d6 2. c4 e5 3. Nc3 Be7 4. g3 Nf6 5. Bg2 O-O 6. Nge2 c6 7. O-O d5 8. d4 exd4 9. Nxd4 dxc4 10.
a4 Nbd7 11. Nf5 Nc5 12. Nxe7+ Qxe7 13. Qe2 Nd3 14. e4 Re8 15. f3 Nd5 16. Bd2 Bd7 17. Rab1 Rad8 18. f4 Bf5 19. Nxd5 cxd5 20. e5 d4 21. g4 Nxf4 22. Bxf4 Bxb1 23. Rxb1 d3 24. Qd2 Qc5+ 25. Kh1 a5 26. Re1 Re6 27. h3 h6 28.
Qc3 b6 29. Bd2 Rde8 30. Re4 Rxe5 31. Rxc4 Qf2 32. Rf4 Re1+ 33. Bxe1 Rxe1+ 34. Kh2 Qxf4# 0-1

[Event "*** Titled Tuesday Blitz"]
[Site "Chess.com"]
[Date "2018.12.04"]
[Round "6"]
[White "Hrant_ChessMood"]
[Black "bubacik"]
[Result "1-0"]
[WhiteElo "2933"]
[BlackElo "2672"]
[TimeControl "180+2"]
[EndTime "14:19:58 PST"]
[Termination "Hrant_ChessMood won by resignation"]

1. e4 e5 2. Nf3 Nc6 3. Bb5 a6 4. Ba4 Nf6 5. O-O Be7 6. Re1 b5 7. Bb3 d6 8. c3 O-O 9. h3 Nb8 10.
d4 Nbd7 11. Nbd2 Bb7 12. Bc2 Re8 13. Nf1 Bf8 14. Ng3 g6 15. Bg5 h6 16. Bd2 c5 17. d5 c4 18. Be3 Nc5 19. a4 Nfd7 20.
Nd2 Nb6 21. a5 Nba4 22. Qc1 Qxa5 23. Bxc5 dxc5 24. Nxc4 bxc4 25. Bxa4 Reb8 26. Nf1 h5 27. Ne3 Bh6 28. Qc2 Bxe3 29. Rxe3 Qb6 30. Rg3 a5 31. Qd2 Ba6 32. Ra2 Bb5 33. Bd1 Kh7 34. Qg5 Rg8 35. Qxe5 Rae8 36. Qf4 Qb7 37. Rxa5 Re7 38. Bf3 Rge8 39. d6 Re6 40. e5 Qd7 41. Rxb5 Qxb5 42.
Qxf7+ Kh6 43. Be4 1-0

[Event "*** Titled Tuesday Blitz"]
[Site "Chess.com"]
[Date "2018.12.04"]
[Round "6"]
[White "colegiodemadrid"]
[Black "StoreySniper"]
[Result "0-1"]
[WhiteElo "2287"]
[BlackElo "2405"]
[TimeControl "180+2"]
[EndTime "14:19:58 PST"]
[Termination "StoreySniper won by resignation"]

1. e4 g6 2. d4 Bg7 3. Nf3 c5 4. Nc3 Qa5 5. dxc5 Bxc3+ 6. bxc3 Qxc3+ 7. Bd2 Qxc5 8. Bd3 d6 9. O-O Nd7 10. Rb1 Ngf6 11. Bb4 Qc7 12. Nd4 a6 13. Kh1 O-O 14.
f4 b6 15. Qe2 Bb7 16. e5 dxe5 17. fxe5 Nd5 18. Bd2 Nxe5 19. Rbe1 Nxd3 20. Qxd3 Rfd8 21.
c4 Nf6 22. Qc3 Rac8 23. Bh6 Ng4 24. Bf4 e5 25. Bg3 exd4 26. Bxc7 dxc3 27. Bxd8 Rxd8 28.
Rc1 Bxg2+ 29. Kxg2 Ne3+ 30. Kf2 Nxf1 31. Kxf1 Rd2 32. Rxc3 Rxa2 33. Rb3 Rxh2 34. Rxb6 Rc2 35. Rc6 a5 36. Rc8+ Kg7 37. c5 a4 38. c6 a3 39.
c7 a2 40. Ra8 Rxc7 41. Rxa2 Rc3 42. Kg2 h5 43. Ra3 Rxa3 0-1

[Event "*** Titled Tuesday Blitz"]
[Site "Chess.com"]
[Date "2018.12.04"]
[Round "6"]
[White "GMWSO"]
[Black "Markov_Mikhail"]
[Result "1-0"]
[WhiteElo "2967"]
[BlackElo "2606"]
[TimeControl "180+2"]
[EndTime "14:20:01 PST"]
[Termination "GMWSO won by resignation"]

1. e4 d5 2. exd5 Qxd5 3. Nc3 Qa5 4. d4 c6 5. Bd2 Nf6 6. Bc4 Bf5 7. Qe2 e6 8. d5 cxd5 9. Nxd5 Qd8 10. Nxf6+ Qxf6 11.
O-O-O Nc6 12. g4 Bg6 13. Nf3 h6 14. Bb5 Be7 15. Ne5 Rc8 16. Bxc6+ bxc6 17. f4 O-O 18. Nd7 Qd4 19. Nxf8 Bxf8 20. Kb1 Rb8 21. Bc1 Qa4 22. Rhf1 Rb4 23. f5 Re4 24. Qf3 exf5 25. gxf5 Bh7 26. b3 Qb4 27. Bb2 g6 28. fxg6 Bxg6 29. Qf6 1-0

[Event "*** Titled Tuesday Blitz"]
[Site "Chess.com"]
[Date "2018.12.04"]
[Round "6"]
[White "Superfelix"]
[Black "DiogenesSinopeus"]
[Result "1-0"]
[WhiteElo "2396"]
[BlackElo "2413"]
[TimeControl "180+2"]
[EndTime "14:20:02 PST"]
[Termination "Superfelix won by checkmate"]

1. e4 e5 2. Nf3 Nc6 3. g3 Nf6 4. d3 Bc5 5. Bg2 d6 6. O-O O-O 7. Nc3 a6 8. Be3 Bxe3 9. fxe3 Ne7 10. Nh4 c6 11. Rxf6 gxf6 12. Qh5 Kg7 13. Rf1 Rh8 14. Ne2 Qb6 15. Qf3 f5 16. exf5 f6 17. g4 h6 18.
Ng3 Nd5 19. Re1 Qxb2 20. Ng6 Rd8 21. Nh5+ Kf7 22. c4 Qc3 23. Rf1 Nc7 24. g5 hxg5 25.
Ng3 Bd7 26. Qh5 Kg7 27. Ne7 Be8 28. Ng6 Bf7 29. h4 Rh8 30. Qg4 Bxg6 31. fxg6 Rxh4 32. Nf5+ Kxg6 33. Nxh4+ Kg7 34. Qd7+ Kg8 35. Nf5 Qxd3 36. Qg7# 1-0

[Event "*** Titled Tuesday Blitz"]
[Site "Chess.com"]
[Date "2018.12.04"]
[Round "6"]
[White "Hikaru"]
[Black "gmjlh"]
[Result "1-0"]
[WhiteElo "3031"]
[BlackElo "2703"]
[TimeControl "180+2"]
[EndTime "14:20:04 PST"]
[Termination "Hikaru won on time"]

1. d4 Nf6 2. Bg5 e6 3. Nd2 h6 4. Bh4 d5 5. e3 c5 6. c3 Be7 7. Bd3 Nc6 8. Ngf3 g5 9. Bg3 Nh5 10. Be5 Nf6 11. Bxf6 Bxf6 12. dxc5 Bd7 13. Rc1 Qc7 14. b4 a5 15. a3 axb4 16. axb4 Ra3 17. Nb1 Ra8 18. O-O h5 19. Nd4 g4 20. Nb5 Qe5 21. Nd2 Ra2 22. Bb1 Rb2 23. Nd6+ Ke7 24. N2c4 dxc4 25. Nxc4 Qg5 26. Qd6+ Ke8 27. Nxb2 Be5 28. Qd2 h4 29. Rcd1 Bc8 30. Be4 Bxh2+ 31. Kxh2 g3+ 32. Kg1 h3 33. Bxc6+ bxc6 34. f4 Qf6 35.
Qd4 Qh4 36. gxh3 g2 37. Rf3 Rg8 38. Nc4 1-0

[Event "*** Titled Tuesday Blitz"]
[Site "Chess.com"]
[Date "2018.12.04"]
[Round "6"]
[White "Iyael"]
[Black "sandager"]
[Result "0-1"]
[WhiteElo "2108"]
[BlackElo "1967"]
[TimeControl "180+2"]
[EndTime "14:20:10 PST"]
[Termination "sandager won by resignation"]

1. e4 e5 2. Nf3 Nc6 3. Bb5 a6 4.
Bxc6 dxc6 5. O-O f6 6. d4 exd4 7. Nxd4 c5 8. Nb3 Qxd1 9. Rxd1 Bd7 10. Nc3 O-O-O 11. Bf4 b6 12. Nd5 Bc6 13. Nxc7 Rxd1+ 14. Rxd1 Bxe4 15. Re1 Bc6 16. Ne6 Nh6 17. Nd2 g5 18. Be3 Be7 19. Nc4 Kb7 20. h4 Nf5 21. hxg5 Nxe3 22.
Rxe3 fxg5 23. Ne5 Rd8 24. Nxc6 Rd1+ 25. Kh2 Kxc6 26. Ng7 Bd6+ 27. g3 Rd2 28. Rf3 Rxc2 29. Ne8 Be5 30. Rf5 Bxb2 31. Kg2 Bd4 32. Nf6 Bxf6 33.
Rxf6+ Kb5 34. Rf5 h6 35. Rf6 Rxa2 36. Rxh6 c4 37. Rh1 c3 38. Rc1 c2 39. f4 gxf4 40. g4 Kc4 41. Kf3 Kd3 42. g5 Rb2 43. g6 Rb1 44. Rxc2 Kxc2 45. Kxf4 Rg1 0-1